 Dungeon Crawl Stone Soup version 0.31-a0-1161-g593ecc88b7 (webtiles) character file.

Game seed: 8404180687727950298

1368 night the Digger (level 8, -2/69 (76) HPs)
             Began as a Yellow Draconian Earth Elementalist on Dec 8, 2023.
             Was a Follower of Hepliaklqana.
             Slain by a wight
             ... wielding a +2 dagger of freezing
              (5 damage)
             ... on level 7 of the Dungeon.
             The game lasted 00:15:02 (6892 turns).

night the Digger (DrEE)                             Turns: 6892, Time: 00:15:02

HP:   -2/69 (76)    AC:  9    Str: 11    XL:     8   Next: 38%
MP:   2/15          EV: 12    Int: 17    God:    Hepliaklqana [*.....]
Gold: 378           SH:  5    Dex: 12    Spells: 9/17 levels left

rFire   . . .        h - staff of conjuration
rCold   . . .        (no shield)
rNeg    . . .        (body armour unavailable)
rPois   .            (helmet restricted)
rElec   .            t - +2 cloak {Stlth+}
rCorr   +            (no gloves)
SInv    .            (no boots)
Will    .....        o - amulet of reflection Stlth
                     (no ring)
HPRegen 0.31/turn    (no ring)
MPRegen 0.14/turn

%: reflection
@: berserking, drained, very quick
A: reduced essence, spit acid, AC +6, unfitting armour, cold-blooded, acid
resistance
a: Breathe Acid, Renounce Religion, Recall Ancestor, Ancestor Identity


You were on level 7 of the Dungeon.
You worshipped Hepliaklqana.
Hepliaklqana was aware of your devotion.
You visited 2 branches of the dungeon, and saw 8 of its levels.

You collected 378 gold pieces.

Inventory:

Hand Weapons
 d - a +1 long sword
Missiles
 c - 42 stones
 m - 11 poisoned darts
 n - 8 boomerangs
Armour
 t - a +2 cloak of stealth (worn)
Magical Staves
 h - a staff of conjuration (weapon)
Jewellery
 o - an amulet of reflection (around neck)
 s - a ring of ice
Wands
 l - a wand of polymorph (7)
 p - a wand of roots (15)
 r - a wand of mindburst (20)
Scrolls
 g - 2 scrolls of revelation
 i - 2 scrolls of teleportation
 q - a scroll of fog
 u - a scroll of immolation {unknown}
Potions
 a - a potion of magic
 b - 2 potions of berserk rage
 e - a potion of brilliance {unknown}
 f - 2 potions of attraction
 j - a potion of degeneration {unknown}
 k - a potion of haste {unknown}
 v - a potion of curing {unknown}


   Skills:
 - Level 1.7 Dodging
 - Level 1.7 Stealth
 + Level 5.2 Spellcasting
 + Level 5.0 Conjurations
 - Level 1.0 Transmutations
 + Level 6.0 Earth Magic
 + Level 4.5 Evocations


You had 9 spell levels left.
You knew the following spells:

 Your Spells              Type           Power      Damage    Failure   Level
a - Sandblast             Erth           48%        2d12      1%          1
b - Stone Arrow           Conj/Erth      68%        3d11      4%          3
c - Brom's Barrelling Bo  Conj/Erth      34%        2d5       14%         4

Your spell library contained the following spells:

 Spells                   Type           Power      Damage    Failure   Level
 Passwall                 Tmut/Erth      13%        N/A       4%          2
 Petrify                  Tmut/Erth      16%        N/A       32%         4
 Ozocubu's Armour         Ice            4%         N/A       38%         3
 Metabolic Englaciation   Hex/Ice        2%         N/A       98%         5
 Simulacrum               Ice/Necr       2%         N/A       100%        6


Dungeon Overview and Level Annotations

Branches:
Dungeon (7/15)             Temple (1/1) D:5

Altars:
Ashenzari
Cheibriados
Dithmenos
Elyvilon
Fedhas
Gozag
Hepliaklqana
Kikubaaqudgha
Makhleb
Nemelex Xobeh
Okawaru
Qazlal
Ru
Sif Muna
Uskayaw
Vehumet
Wu Jian
Xom
Yredelemnul
Zin
The Shining One

Annotations:
D:3 exclusion: water moccasin
D:5 exclusion: yak


Innate Abilities, Weirdness & Mutations

Your life essence is reduced to manifest your ancestor. (-10% HP)
You can spit globs of acid.
Your golden yellow scales are hard. (AC +6)
You cannot fit into any form of body armour.
You are cold-blooded and may be slowed by cold attacks.
You are resistant to acid. (rCorr)


Message History

You closely miss the wight.
Your tail-slap misses the wight.
The wight is almost destroyed.
You hit the wight but do no damage.
You blast the wight.
The wight is almost destroyed.
The wight barely misses you. The wight hits you with a +0 mace.
You closely miss the wight.
You tail-slap the wight, but do no damage.
The wight is almost destroyed.
The wight hits you with a +2 falchion. The wight hits you with a +0 mace!
* * * LOW HITPOINT WARNING * * *
You hit the wight but do no damage.
The wight is almost destroyed.
The wight closely misses you. x2
A red film seems to cover your vision as you go berserk!
You feel yourself moving faster!
You feel mighty! The wight closely misses you.
The wight hits you with a +0 mace.
* * * LOW HITPOINT WARNING * * *
You feel drained.
You closely miss the wight.
The wight is almost destroyed.
The wight hits you with a +2 falchion.
* * * LOW HITPOINT WARNING * * *
The wight hits you but does no damage.
You closely miss the wight.
The wight is almost destroyed.
You block the wight's attack. The wight barely misses you.
You hit the wight but do no damage.
The wight is almost destroyed.
The wight hits you with a +0 mace.
* * * LOW HITPOINT WARNING * * *
You closely miss the wight.
The wight is almost destroyed.
The wight hits you with a +2 falchion.
* * * LOW HITPOINT WARNING * * *
You feel drained.
* * * LOW HITPOINT WARNING * * *
You hit the wight.
You blast the wight.
You destroy the wight!
The wight hits you with a +2 dagger of freezing.
You die...

...# ....# #### ...#
....# ...# ...# ....#
...# ...#####....## #..#
###..........# ###..#
#..........# #....#
#..........# #....#
#..........### ##z##
####+##....###..####)@z#
......#....#...........#
......#....#...........#
......'....#...........#
#######....#...###.##..#
..........##...###.##..#
..........#............#
..........#............#
..).......#)...........#


You could see 2 wights.

Vanquished Creatures
  An ice beast (D:5)
  Duvessa (D:6)
  A sky beast (D:6)
  An ogre (D:6)
  2 centaurs
  A phantom (D:4)
  A kobold brigand (D:7)
  A scorpion (D:6)
  4 wights
  Dowan (D:6)
  2 jellies
  A gnoll bouda (D:5)
  A sleepcap (D:6)
  2 iguanas
  An orc wizard (D:6)
  4 gnolls (D:5)
  5 adders
  A white imp (D:7)
  4 worms
  2 dart slugs (D:1)
  14 orcs
  7 ball pythons
  8 endoplasms
  3 giant cockroaches
  5 goblins
  3 hobgoblins
  8 jackals (D:3)
  12 kobolds
  7 quokkas
  3 bats
  2 frilled lizards
  3 rats
112 creatures vanquished.

Vanquished Creatures (collateral kills)
  An iguana (D:6)
  2 kobolds (D:7)
  2 boulders
5 creatures vanquished.

Vanquished Creatures (others)
  An ancestor (D:7)
  2 boulders (D:6)
3 creatures vanquished.

Grand Total: 120 creatures vanquished

Notes
Turn   | Place    | Note
-------+----------+-------------------------------------------
     0 | D:1      | night the Draconian Earth Elementalist began the quest for
                  | the Orb.
     0 | D:1      | Reached XP level 1. HP: 14/14 MP: 3/3
   125 | D:1      | Reached XP level 2. HP: 20/20 MP: 3/5
   257 | D:1      | Reached skill level 1 in Conjurations
   595 | D:1      | Reached XP level 3. HP: 26/26 MP: 4/6
   599 | D:1      | Learned a level 3 spell: Stone Arrow
  1514 | D:2      | Found a sparkling altar of Nemelex Xobeh.
  1998 | D:3      | Found a shimmering altar of Xom.
  2147 | D:3      | Reached XP level 4. HP: 33/33 MP: 5/8
  2474 | D:3      | Reached skill level 2 in Conjurations
  2543 | D:3      | Found a glowing drain.
  2674 | D:3      | Noticed a water moccasin
  2813 | D:4      | Noticed a phantom
  2836 | D:4      | Killed a phantom
  2837 | D:4      | Reached skill level 4 in Earth Magic
  2837 | D:4      | Reached skill level 1 in Evocations
  2837 | D:4      | Reached XP level 5. HP: 10/38 MP: 1/9
  3881 | D:4      | Found a hazy altar of Hepliaklqana.
  3886 | D:4      | Became a worshipper of Hepliaklqana the Forgotten
  4171 | D:5      | Entered Level 5 of the Dungeon
  4189 | D:5      | Found a blossoming altar of Fedhas.
  4214 | D:5      | Reached skill level 2 in Evocations
  4244 | D:5      | Noticed an ice beast
  4319 | D:5      | Killed an ice beast
  4320 | D:5      | Reached XP level 6. HP: 16/45 MP: 2/11
  4513 | D:5      | Learned a level 4 spell: Brom's Barrelling Boulder
  4700 | D:5      | Found a staircase to the Ecumenical Temple.
  4709 | Temple   | Entered the Ecumenical Temple
  4719 | D:5      | Noticed a yak
  4719 | D:5      | Noticed a yak
  4719 | D:5      | Noticed a yak
  4860 | D:5      | Your scales start taking on a golden yellow colour.
  4860 | D:5      | Reached XP level 7. HP: 41/50 MP: 7/13
  4860 | D:5      | Gained mutation: You are resistant to acid. (rCorr) [Yellow
                  | Draconian growth]
  5153 | D:6      | Noticed Duvessa
  5158 | D:6      | Noticed Dowan
  5173 | D:6      | Killed Duvessa
  5174 | D:6      | Reached skill level 5 in Earth Magic
  5177 | D:6      | Killed Dowan
  5460 | D:6      | Reached XP level 8. HP: 57/57 MP: 4/15
  5841 | D:6      | Reached * piety under Hepliaklqana
  5846 | D:6      | Found a sacrificial altar of Ru.
  5877 | D:6      | Reached skill level 5 in Spellcasting
  5973 | D:6      | Found a basalt altar of Yredelemnul.
  5981 | D:6      | Found a radiant altar of Vehumet.
  5982 | D:6      | Found an opulent altar of Gozag.
  6829 | D:7      | Reached skill level 5 in Conjurations
  6829 | D:7      | Reached skill level 6 in Earth Magic
  6890 | D:7      | HP: 7/70 [wight/+0 mace (5)]
  6891 | D:7      | HP: 3/70 [wight/+2 falchion (4)]
  6892 | D:7      | Slain by a wight

Illustrated notes

Levels and vault maps discovered:
D:1:      minmay_arrival_semitransparent, layout_loops_ring, chequers_big_river,
          minmay_misc_feat_iff, minmay_misc_feat_tiny
D:2:      layout_rooms, basic_altar, grunt_ministairs_14
D:3:      layout_basic, lemuel_coloured_pillars_altar,
          cheibrodos_sewer_entry_bend, nicolae_twisty_statue_hallways
D:4:      layout_layer_cave, worldfamousw_hep_ancestral_shrine,
          serial_bayou_ford_a
D:5:      layout_basic, kennysheep_mini, minmay_temple_entry_mist,
          nicolae_sextant
D:6:      layout_cave_pods, nicolae_overflow_hidden_temple,
          nicolae_overflow_crystal_walls, hangedman_abyss_or_decor_stagger,
          uniq_duvessa
D:7:      layout_gridville, nicolae_letterblocks [nicolae_letter_subblock,
          nicolae_letter_subblock, nicolae_letter_subblock,
          nicolae_letter_subblock, nicolae_letter_subblock,
          nicolae_letter_subblock, nicolae_letter_subblock,
          nicolae_letter_subblock, nicolae_letter_subblock,
          nicolae_letter_subblock, nicolae_letter_subblock,
          nicolae_letter_subblock, nicolae_letter_subblock,
          nicolae_letter_subblock, nicolae_letter_subblock,
          nicolae_letter_subblock, nicolae_letter_subblock,
          nicolae_letter_subblock, nicolae_letter_subblock,
          nicolae_letter_subblock, nicolae_letter_subblock,
          nicolae_letter_subblock, nicolae_letter_subblock,
          nicolae_letter_subblock, nicolae_letter_subblock], uniq_maurice
Temple:   eino_narrow_crystal_temple

Skill      XL: |  1  2  3  4  5  6  7  8 |
---------------+-------------------------+-----
Conjurations   | 1 2 3 4 5 |  5.0
Spellcasting   | 3 4 5 |  5.2
Earth Magic    | 4 5 6 |  6.0
Evocations     | 1 2 4 |  4.5
Dodging        | |  1.7
Stealth        | |  1.7
Transmutations | |  1.0

Action                     |  1- 3 |  4- 6 |  7- 9 || total
---------------------------+-------+-------+-------++-------
  Melee: Staff             |    47 |    60 |    45 ||   152
         Tailslap          |     9 |     9 |     4 ||    22
         Long sword        |     8 |       |       ||     8
   Cast: Sandblast         |    53 |    58 |    24 ||   135
         Stone Arrow       |     2 |    14 |    10 ||    26
         Brom's Barrelling |       |       |    12 ||    12
Ability: Breathe Acid      |       |       |     2 ||     2
  Evoke: Wand              |       |       |     3 ||     3
    Use: Scroll            |     3 |     3 |     3 ||     9
         Potion            |       |       |     1 ||     1
   Stab: Sleeping          |     2 |       |       ||     2
 Armour: Skin              |    34 |    55 |    37 ||   126
  Dodge: Dodged            |    44 |    53 |    33 ||   130
  Block: Other             |       |     8 |     9 ||    17
         Reflection        |       |     1 |     1 ||     2

Table legend: (Time is in decaauts)
 A = Elapsed time spent in this place.
 B = Non-inter-level travel time spent in this place.
 C = Inter-level travel time spent in this place.
 D = Time resting spent in this place.
 E = Time spent auto-exploring this place.
 F = Levels seen in this place.
 G = Mean time per level.
                   A        B        C        D        E       F      G
               +--------+--------+--------+--------+--------+-----+--------+
         Total |   7023 |   6835 |    188 |    784 |   4981 |   8 |  877.9 |
       Dungeon |   7022 |   6834 |    188 |    784 |   4981 |   7 | 1003.1 |
        Temple |      1 |      1 |      0 |      0 |      0 |   1 |    1.0 |
               +--------+--------+--------+--------+--------+-----+--------+

Top non-repeatable levels by time:
     D:6: 1436 daAuts
     D:4: 1406 daAuts
     D:1: 1361 daAuts
     D:5: 934 daAuts
     D:3: 890 daAuts
     D:2: 602 daAuts
     D:7: 390 daAuts
  Temple: 1 daAuts
